 Dungeon Crawl Stone Soup version 0.28-a0-1167-g616b1c6417 (webtiles) character file.

Game seed: 11948971886904403288

50 Htamos the Conjurer (level 3, 0/29 HPs)
             Began as a Hill Orc Conjurer on Dec 16, 2021.
             Slain by Grinder (2 damage)
             ... while paralysed by Grinder
             ... on level 3 of the Dungeon.
             The game lasted 00:04:01 (1910 turns).

Htamos the Conjurer (Hill Orc Conjurer)             Turns: 1910, Time: 00:04:02

Health: 0/29       AC:  4    Str: 11    XL:     3   Next: 79%
Magic:  3/5        EV:  2    Int: 18    God:
Gold:   56         SH:  0    Dex:  9    Spells: 4/5 levels left

rFire   . . .      SeeInvis .   j - +4 short sword (freeze)
rCold   . . .      Faith    .   (no shield)
rNeg    . . .      Spirit   .   a - +0 robe
rPois   .          Reflect  .   h - +1 helmet
rElec   .          Harm     .   (no cloak)
rCorr   .          Rampage  .   (no gloves)
Will    .....                   (no boots)
Stlth   ++........              (no amulet)
HPRegen 0.09/turn               (no ring)
MPRegen 0.09/turn               (no ring)

@: paralysed
A: no striking features
a: no special abilities


You were on level 3 of the Dungeon.
You visited 1 branch of the dungeon, and saw 3 of its levels.

You collected 56 gold pieces.

Inventory:

Hand Weapons
 g - a +0 dagger
 j - a +4 short sword of freezing (weapon)
Armour
 a - a +0 robe (worn)
 h - a +1 helmet (worn)
Jewellery
 i - a ring of see invisible
Scrolls
 c - 2 scrolls of identify {@rr}
 d - a scroll of blinking {unknown}
 e - a scroll of teleportation {unknown}
Potions
 b - 2 potions of brilliance


   Skills:
 * Level 2.1 Fighting
 + Level 1.5 Axes
 + Level 1.9 Dodging
 - Level 1.6 Stealth
 + Level 1.9 Spellcasting
 + Level 4.2 Conjurations


You had 4 spell levels left.
You knew the following spells:

 Your Spells              Type           Power      Damage    Failure   Level
a - Magic Dart            Conj           64%        1d6       3%          1

Your spell library contained the following spells:

 Spells                   Type           Power      Damage    Failure   Level
 Searing Ray              Conj           32%        2d5       4%          2
 Dazzling Flash           Conj/Hex       18%        N/A       22%         3
 Fulminant Prism          Conj/Hex       4%         3d6       58%         4
 Iskenderun's Mystic Bla  Conj/Tloc      9%         2d4       58%         4


Dungeon Overview and Level Annotations

Branches:
Dungeon (3/15)

Altars:
Trog

Annotations:
D:2 Sigmund
D:3 Grinder


Message History

Confirm with . or Enter, or press ? or * to list all spells.
Aiming: Magic Dart (safe; 3% risk of failure)
Press: ? - help, Shift-Dir - straight line, f/p - Grinder
Aim: Grinder (severely wounded, 100% to hit)
You feel a surge of power!
The magic dart hits Grinder.
Grinder is almost dead.
* * * LOW MAGIC WARNING * * *
Grinder gestures at you.
You suddenly lose the ability to move!
Grinder blinks!
Grinder gestures at you. Pain shoots through your body!
* * * LOW HITPOINT WARNING * * *
You can move again.
Unknown command.
Unknown command.
Okay, then.
Grinder says, "DUCK!"
Grinder blinks!
You feel a little less clever now.
You start resting.
Grinder is nearby!
You hit Grinder.
Grinder is almost dead.
Grinder hits you!
* * * LOW HITPOINT WARNING * * *
You writhe in agony.
* * * LOW HITPOINT WARNING * * *
Unknown command.
Casting: Magic Dart (safe; 3% risk of failure)
Confirm with . or Enter, or press ? or * to list all spells.
Aiming: Magic Dart (safe; 3% risk of failure)
Press: ? - help, Shift-Dir - straight line, f/p - Grinder
Aim: Grinder (almost dead, 100% to hit)
The magic dart hits Grinder.
Grinder is almost dead.
Grinder gestures at you.
You suddenly lose the ability to move!
Grinder hits you.
You die...

#...######
#...# #...#
#.(.# #...#
#...#########
#...........#
#)#.#######5#
##.#.# #@#
#....# #.#
#####..###
#.# .......#
#.# #####.##
#.# #.# #..
#.# ### #.#
### #.#


You could see Grinder.

Vanquished Creatures
  Robin (D:1)
  4 bats
  3 endoplasms
  8 goblins
  6 hobgoblins
  2 quokkas (D:1)
  4 ball pythons
  2 frilled lizards
  3 kobolds
  2 rats
35 creatures vanquished.

Notes
Turn   | Place    | Note
-------+----------+-------------------------------------------
     0 | D:1      | Htamos the Hill Orc Conjurer began the quest for the Orb.
     0 | D:1      | Reached XP level 1. HP: 14/14 MP: 3/3
    19 | D:1      | Found a faded altar of an unknown god.
   253 | D:1      | Reached XP level 2. HP: 22/22 MP: 1/4
   314 | D:1      | Reached skill level 1 in Fighting
  1212 | D:2      | Reached skill level 1 in Axes
  1230 | D:2      | Found a bloodstained altar of Trog.
  1235 | D:2      | Noticed Robin
  1257 | D:2      | Reached XP level 3. HP: 27/28 MP: 3/5
  1429 | D:1      | Killed Robin
  1753 | D:2      | Noticed Sigmund
  1837 | D:3      | Noticed Grinder
  1843 | D:3      | Paralysed by Grinder for 3 turns
  1862 | D:3      | Paralysed by Grinder for 7 turns
  1908 | D:3      | HP: 1/29 [Grinder (1)]
  1909 | D:3      | Paralysed by Grinder for 4 turns
  1910 | D:3      | Slain by Grinder

Illustrated notes

Levels and vault maps discovered:
D:1:      ebering_trefoil_3fold, layout_basic,
          shapermc_ecumenical_altar_starsandcircs
D:2:      layout_rooms, basic_altar, serial_corexii_hall,
          corexii_hall_statues_i, corexii_hall_statues_t, uniq_jessica,
          uniq_sigmund, uniq_robin
D:3:      layout_loops_ring, uniq_terence, uniq_grinder

Skill      XL: |  1  2  3 |
---------------+----------+-----
Fighting       | 1 2 |  2.1
Axes           | 1 |  1.5
Dodging        | |  1.9
Stealth        | |  1.6
Spellcasting   | |  1.9
Conjurations   | |  4.2

Action                   || total
-------------------------++-------
Melee: Unarmed           ||    20
       Dagger            ||    15
       Short sword       ||     8
 Cast: Magic Dart        ||    86
  Use: Scroll            ||     2
       Potion            ||     2
Armor: Robe              ||    16
Dodge: Dodged            ||    42

Table legend: (Time is in decaauts)
 A = Elapsed time spent in this place.
 B = Non-inter-level travel time spent in this place.
 C = Inter-level travel time spent in this place.
 D = Time resting spent in this place.
 E = Time spent auto-exploring this place.
 F = Levels seen in this place.
 G = Mean time per level.
                   A        B        C        D        E       F      G
               +--------+--------+--------+--------+--------+-----+--------+
         Total |   1913 |   1869 |     44 |    305 |   1108 |   3 |  637.7 |
       Dungeon |   1913 |   1869 |     44 |    305 |   1108 |   3 |  637.7 |
               +--------+--------+--------+--------+--------+-----+--------+

Top non-repeatable levels by time:
     D:1: 1362 daAuts
     D:2: 420 daAuts
     D:3: 130 daAuts
